 Dungeon Crawl Stone Soup version 0.29.1-15-g9cfb28693d (webtiles) character file.

Game seed: 2821318491022575396

112424 coffeetime the Warrior (level 16, -4/161 HPs)
             Began as a Minotaur Berserker on July 10, 2023.
             Was a High Priest of Trog.
             Slain by a naga warrior
             ... wielding a +0 mace
              (8 damage)
             ... on level 2 of the Snake Pit.
             The game lasted 02:07:43 (26213 turns).

coffeetime the Warrior (Minotaur Berserker)        Turns: 26213, Time: 02:07:44

Health: -4/161     AC: 21    Str: 27    XL:     16   Next: 11%
Magic:  15/15      EV: 14    Int:  6    God:    Trog [*****.]
Gold:   1294       SH:  5    Dex: 11    Spells: 15/15 levels left

rFire   . . .      SeeInvis .   a - +3 battleaxe (vamp)
rCold   . . .      Faith    .   (shield currently unavailable)
rNeg    . . .      Spirit   .   O - +0 plate armour
rPois   +          Reflect  +   (helmet restricted)
rElec   .          Harm     .   Q - +2 cloak {Stlth+}
rCorr   .          Rampage  .   (no gloves)
Will    +....                   (no boots)
Stlth   ..........              P - amulet of Psychosis {Reflect Regen+ SH+5}
HPRegen 1.16/turn               T - ring of poison resistance
MPRegen 0.14/turn               x - +4 ring of evasion

@: lethally poisoned (-4 -> -4), slowed, constricted, very slow
A: horns 2, retaliatory headbutt
a: Renounce Religion, Berserk, Trog's Hand, Brothers in Arms


You were on level 2 of the Snake Pit.
You worshipped Trog.
Trog was extremely pleased with you.
You visited 4 branches of the dungeon, and saw 25 of its levels.
You visited 1 bazaar.
You also visited: Bailey.

You collected 2512 gold pieces.
You spent 1218 gold pieces at shops.

Inventory:

Hand Weapons
 a - a +3 vampiric battleaxe (weapon)
 b - a +5 arbalest of venom
 c - a +3 antimagic battleaxe
 C - a +4 vorpal halberd
Missiles
 f - 6 atropa-tipped darts
 w - 21 poisoned darts
 y - 4 curare-tipped darts
 z - 25 boomerangs
 N - 3 javelins
Armour
 O - a +0 plate armour (worn)
 Q - a +2 cloak of stealth (worn)
 U - +0 acid dragon scales
Jewellery
 s - a +6 ring of strength
 x - a +4 ring of evasion (right hand)
 P - the amulet of Psychosis (around neck) {Reflect Regen+ SH+5}
   (You bought it in a shop on level 3 of the Dungeon)

   [amulet of reflection]

   It reflects blocked missile attacks.
   Regen:     It increases your rate of health regeneration.
   SH:        It affects your SH (+5).
 S - a ring of fire
 T - a ring of poison resistance (left hand)
 W - a ring of see invisible
Wands
 l - a wand of flame (18)
 p - a wand of digging (15)
 t - a wand of polymorph (19)
 D - a wand of mindburst (34) (quivered)
 H - a wand of roots (13)
 K - a wand of acid (7)
Scrolls
 h - 2 scrolls of silence
 k - a scroll of immolation
 o - 3 scrolls of summoning
 q - 2 scrolls of enchant armour
 r - 8 scrolls of butterflies
 v - 11 scrolls of teleportation
 A - 7 scrolls of enchant weapon
 G - 5 scrolls of poison
 I - a scroll of brand weapon
 M - 5 scrolls of magic mapping
 X - a scroll of torment
Potions
 d - 7 potions of lignification
 e - 3 potions of might
 g - 3 potions of cancellation
 j - 4 potions of flight
 n - 5 potions of mutation
 B - 8 potions of attraction
 F - 8 potions of curing
 J - a potion of heal wounds
 L - 5 potions of haste
Miscellaneous
 V - a phial of floods


   Skills:
 * Level 19.6 Fighting
 - Level 11.0(11.2) Axes
 * Level 3.5(7.9) Polearms
 * Level 8.2 Ranged Weapons
 * Level 5.1 Throwing
 + Level 17.1 Armour
 * Level 13.8 Dodging
 + Level 3.4 Stealth
 - Level 1.0 Shields
 + Level 7.3 Evocations


You had 15 spell levels left.
You didn't know any spells.
Your spell library was empty.

Dungeon Overview and Level Annotations

Branches:
Dungeon (15/15)            Temple (0/1) D:5            Lair (5/5) D:9
 Shoals (0/4) Lair:2        Snake (3/4) Lair:3        Slime (0/5) Lair:4
    Orc (2/2) D:11            Elf (0/3) Orc:2        Vaults (0/5) D:13
 Depths (0/4) D:15         Bailey (visited)

Altars:
Cheibriados
Dithmenos
Elyvilon
Fedhas
Hepliaklqana
Okawaru
Qazlal
Ru
Wu Jian
The Shining One
Jiyva

Shops:
D:3 =   D:7 *   D:15 ?   Orc:2 =(*[   Snake:1 ((   Snake:2 (

Annotations:
D:3 shop surrounded by walls, 1 transporter, Twinkles's ghost, amateur VSCj
D:9 2 transporters
D:10 exclusion: oklob sapling
Lair:2 Gastronok
Lair:5 w/ red dragon


Innate Abilities, Weirdness & Mutations

You have a pair of horns on your head.
You reflexively headbutt those who attack you in melee.


Message History

The naga warrior hits you but does no damage.
The naga warrior constricts you. The salamander hits you.
You are engulfed in flames!
You are too injured to fight recklessly!
You are too injured to fight recklessly!
You are too injured to fight recklessly!
You are too injured to fight recklessly!
Unknown command.
You hit the salamander but do no damage.
Your headbutt misses the salamander.
The salamander is moderately wounded.
The naga warrior blocks your attack.
You feel very sick.
The naga warrior roars a battlecry!
The salamander goes into a battle-frenzy!
The naga warrior constricts you. You block the salamander's attack.
The naga warrior closely misses you. The naga warrior constricts you.
You barely miss the salamander.
The salamander is moderately wounded.
The naga warrior blocks your attack.
You feel very sick. The salamander hits you!
* * * LOW HITPOINT WARNING * * *
You are engulfed in flames!
* * * LOW HITPOINT WARNING * * *
The naga warrior hits you with a +0 mace!
* * * LOW HITPOINT WARNING * * *
The naga warrior constricts you. The salamander completely misses you.
You furiously retaliate!
You headbutt the salamander!
You feel much better.
You feel sick.
The naga warrior hits you with a +0 mace!
* * * LOW HITPOINT WARNING * * *
The naga warrior constricts you.
* * * LOW HITPOINT WARNING * * *
The salamander hits you.
* * * LOW HITPOINT WARNING * * *
You are engulfed in flames!
* * * LOW HITPOINT WARNING * * *
The naga warrior hits you with a +0 mace!
You die...

... .. .# ... ....# ....
#...#####.#
.....#.#.....#.##
.....#.....#....#
....#...8#.....
#...)........ .
####@8<∩.8.... #.
#..N)N#....... . ###.##
#...#..8....^.
...........##...#.....#.#.
...................##.#
#...........#......##.#
.....#........>...#.##
....####...##.......# .#
###.........#######..##....


You could see a naga warrior and a salamander (strong).

Vanquished Creatures
  A nagaraja (Snake:2)
  Roxanne (Snake:1)
  An orc warlord (Orc:2)
  An ettin (D:14)
  7 hydras
  7 boulder beetles
  5 anacondas
  A catoblepas (D:12)
  A two-headed ogre (D:10)
  2 dancing weapons (D:13)
  3 naga warriors
  8 centaur warriors
  5 naga sharpshooters (Snake:1)
  An orc high priest (Orc:2)
  3 shock serpents
  A hell knight (D:15)
  Nergalle (D:10)
  A salamander mystic (Snake:1)
  2 skeletal warriors
  2 deep trolls
  2 naga ritualists (Snake:1)
  7 orc knights
  A lindwurm (Lair:5)
  2 wolf spider zombies (D:15)
  6 deep elf pyromancers
  4 mana vipers
  4 orc sorcerers
  A wolf spider (D:15)
  5 salamanders
  9 ugly things
  4 manticores
  8 cyclopes
  4 naga magi
  A centaur zombie (D:15)
  2 guardian serpents
  Maurice (D:8)
  19 elephants
  23 black mambas
  Joseph (D:8)
  3 molten gargoyles (Lair:5)
  Maggie (D:8)
  A water nymph (shapeshifter) (D:11)
  8 cane toads
  A rime drake (shapeshifter) (D:15)
  2 rime drakes (Lair:2)
  A redback zombie (D:15)
  9 komodo dragons
  2 efreet (D:13)
  A freezing wraith (D:15)
  4 tengu conjurers
  2 polar bears
  12 trolls
  Prince Ribbit (D:9)
  24 slime creatures
  14 blink frogs
  A shadow (D:12)
  2 wyverns
  10 yaks
  2 vampires
  6 basilisks
  Grum (D:9)
  A basilisk (shapeshifter) (D:14)
  2 humans (D:7)
  5 wargs
  A steam dragon (Lair:5)
  4 vampire mosquitoes (D:14)
  24 nagas
  4 hell hounds (Lair:5)
  4 acid dragons
  12 water moccasins
  27 orc warriors
  2 black bears
  An ice beast (D:6)
  2 hornet zombies (D:15)
  3 ogres (Orc:1)
  17 wolves
  18 centaurs
  A phantom (D:5)
  10 bullfrogs
  2 kobold brigands (D:9)
  3 scorpions
  8 necrophages
  7 wights
  8 killer bees
  4 electric eels
  A howler monkey (D:5)
  5 lava snakes (Lair:5)
  4 jellies
  7 hounds
  A gnoll bouda (D:8)
  15 orc priests
  16 orc wizards
  3 iguanas
  12 gnolls
  8 adders
  A white imp (D:6)
  2 ufetubi
  6 dart slugs
  45 orcs
  12 ball pythons
  4 endoplasms
  4 giant cockroaches
  14 goblins
  11 hobgoblins
  3 jackals (D:5)
  A quokka (D:4)
  3 bats
  4 frilled lizards
  23 kobolds
  7 rats
  A butterfly (Lair:2)
649 creatures vanquished.

Vanquished Creatures (collateral kills)
  A nagaraja (Snake:2)
  A fire dragon (Lair:5)
  2 naga warriors (Snake:2)
  2 nagas (Snake:2)
6 creatures vanquished.

Vanquished Creatures (others)
  A naga sharpshooter (Snake:2)
  An orc (Orc:2)
  A bush (D:15)
  29 fungi
  64 plants
96 creatures vanquished.

Grand Total: 751 creatures vanquished

Notes
Turn   | Place    | Note
-------+----------+-------------------------------------------
     0 | D:1      | coffeetime the Minotaur Berserker began the quest for the
                  | Orb.
     0 | D:1      | Reached XP level 1. HP: 19/19 MP: 0/0
   312 | D:1      | Reached XP level 2. HP: 23/27 MP: 1/1
   394 | D:1      | Reached skill level 4 in Fighting
   946 | D:1      | Reached XP level 3. HP: 33/33 MP: 2/2
  1161 | D:2      | Found a faded altar of an unknown god.
  1303 | D:2      | Reached ** piety under Trog
  1963 | D:3      | Found Volethro's Jewellery Shoppe.
  2067 | D:3      | Found a transporter.
  2072 | D:3      | Noticed an ogre
  2072 | D:3      | Noticed Twinkles's ghost (amateur VSCj)
  2074 | D:3      | Noticed an ogre
  2112 | D:3      | You fall into a shaft and drop 3 floors!
  2115 | D:5      | Entered Level 5 of the Dungeon
  2169 | D:6      | Noticed an ice beast
  2294 | D:5      | Reached skill level 5 in Axes
  2294 | D:5      | Reached XP level 4. HP: 41/41 MP: 3/3
  2298 | D:5      | Noticed a phantom
  2322 | D:5      | Killed a phantom
  2323 | D:5      | Reached skill level 1 in Ranged Weapons
  2323 | D:5      | Reached XP level 5. HP: 25/47 MP: 4/4
  2572 | D:5      | Reached skill level 5 in Fighting
  2736 | D:5      | Noticed a black bear
  2747 | D:5      | Killed a black bear
  2748 | D:5      | Reached XP level 6. HP: 56/56 MP: 5/5
  3230 | D:3      | Reached skill level 5 in Armour
  3437 | D:3      | Found a faded altar of an unknown god.
  3606 | D:3      | Reached XP level 7. HP: 52/61 MP: 6/6
  3810 | D:3      | Found a shadowy altar of Dithmenos.
  3956 | D:4      | Identified the +1 robe of Pologhuu {+Blink Fly rCorr Dex-2}
  4410 | D:5      | Reached skill level 6 in Fighting
  4410 | D:5      | Reached skill level 1 in Stealth
  4748 | D:5      | Found a staircase to the Ecumenical Temple.
  5534 | D:6      | Found an ornate altar of the Wu Jian Council.
  5992 | D:6      | Reached skill level 7 in Fighting
  6012 | D:6      | Reached *** piety under Trog
  6013 | D:6      | Reached XP level 8. HP: 51/73 MP: 7/7
  6555 | D:6      | Reached skill level 5 in Dodging
  6707 | D:7      | Found Koposkab's Assorted Antiques.
  6751 | D:7      | Reached skill level 8 in Fighting
  6782 | D:7      | Found a flagged portal.
  6793 | Bailey   | Entered a bailey
  6798 | Bailey   | Noticed an orc warlord
  7009 | Bailey   | Found a runed translucent gate.
  7011 | Bailey   | Found a runed translucent gate.
  7012 | Bailey   | Found a runed translucent gate.
  7226 | D:7      | Acquired a +5 arbalest
  7611 | D:7      | Noticed a red ugly thing
  7617 | D:7      | Killed a red ugly thing
  7618 | D:7      | Reached skill level 9 in Fighting
  7618 | D:7      | Reached XP level 9. HP: 83/83 MP: 8/8
  7705 | D:7      | Found an iron altar of Okawaru.
  7725 | D:7      | Reached **** piety under Trog
  8060 | D:7      | Identified the +7 short sword of the Median {drain, rN+
                  | Will+}
  8110 | D:7      | Found a white marble altar of Elyvilon.
  8304 | D:3      | Bought the amulet of Psychosis {Reflect Regen+ SH+5} for
                  | 481 gold pieces
  8413 | D:8      | Noticed Maurice
  8478 | D:8      | Killed Maurice
  8479 | D:8      | Reached skill level 10 in Fighting
  8915 | D:8      | Noticed Joseph
  8927 | D:8      | Killed Joseph
  8928 | D:8      | Reached skill level 1 in Shields
  8944 | D:8      | Noticed Maggie
  8957 | D:8      | Killed Maggie
  8958 | D:8      | Reached skill level 11 in Fighting
  9047 | D:8      | Reached XP level 10. HP: 95/95 MP: 9/9
  9322 | D:9      | Found a hazy altar of Hepliaklqana.
  9323 | D:9      | Noticed a four-headed hydra
  9324 | D:9      | Noticed a tengu warrior
  9328 | D:9      | Noticed a cyclops
  9374 | D:9      | Found a transporter.
  9384 | D:9      | Noticed Prince Ribbit
  9414 | D:9      | Killed Prince Ribbit
  9535 | D:9      | Reached ***** piety under Trog
  9548 | D:9      | Found a staircase to the Lair.
  9550 | D:9      | Found a snail-covered altar of Cheibriados.
  9649 | D:9      | Found a sacrificial altar of Ru.
  9661 | D:9      | Identified the +5 short sword of Brawling {protect, Str-2
                  | Dex+2 Stlth+}
  9689 | D:9      | Identified the +8 dagger of the Original Sin {vamp, rPois
                  | rF+ rCorr}
  9789 | D:9      | Found a transporter.
  9855 | D:9      | Identified the +7 short sword "Vuclul" {speed, Dex+4}
  9881 | D:9      | Found a stormy altar of Qazlal.
  9887 | D:9      | Reached skill level 12 in Fighting
  9902 | D:9      | Noticed Grum
  9925 | D:9      | Killed Grum
 10161 | D:10     | Entered Level 10 of the Dungeon
 10161 | D:10     | Noticed Nergalle
 10219 | Lair:1   | Entered Level 1 of the Lair of Beasts
 10390 | Lair:1   | You fall into a shaft and drop 1 floor!
 10390 | Lair:2   | Noticed a cane toad
 10402 | Lair:2   | Killed a cane toad
 10563 | Lair:2   | Noticed a cane toad
 10570 | Lair:2   | Killed a cane toad
 10571 | Lair:2   | Reached skill level 10 in Armour
 10584 | Lair:2   | Reached skill level 1 in Evocations
 10608 | Lair:2   | Found a staircase to the Shoals.
 10641 | Lair:2   | Reached XP level 11. HP: 106/106 MP: 10/10
 10665 | Lair:2   | Noticed Gastronok
 10776 | Lair:1   | Reached skill level 13 in Fighting
 11442 | Lair:1   | Noticed a boulder beetle
 11460 | Lair:1   | Killed a boulder beetle
 11461 | Lair:1   | Reached skill level 10 in Dodging
 12041 | Lair:3   | Reached skill level 14 in Fighting
 12189 | Lair:3   | Found a staircase to the Snake Pit.
 12208 | Lair:3   | Reached XP level 12. HP: 115/117 MP: 11/11
 12233 | Lair:3   | Noticed a six-headed hydra
 12246 | Lair:3   | Killed a two-headed hydra
 12952 | Lair:4   | Found a viscous altar of Jiyva.
 12952 | Lair:4   | Found a staircase to the Slime Pits.
 12986 | Lair:4   | Noticed a five-headed hydra
 13016 | Lair:4   | Killed a two-headed hydra
 13725 | Lair:5   | Entered Level 5 of the Lair of Beasts
 13744 | Lair:4   | Reached skill level 5 in Evocations
 13829 | Lair:5   | Noticed an eight-headed hydra
 13833 | Lair:5   | Killed a five-headed hydra
 13913 | Lair:5   | Reached skill level 15 in Fighting
 14066 | Lair:5   | Noticed a boulder beetle
 14118 | Lair:5   | Killed a boulder beetle
 14187 | Lair:5   | Reached ****** piety under Trog
 14271 | Lair:5   | Reached XP level 13. HP: 121/127 MP: 12/12
 14742 | Lair:5   | Received a gift from Trog
 15160 | Lair:5   | Reached skill level 15 in Armour
 15342 | Lair:5   | Reached skill level 16 in Fighting
 15402 | Lair:5   | Found a large runed translucent door.
 15403 | Lair:5   | Found a large runed translucent door.
 15417 | Lair:5   | Noticed a fire dragon
 15474 | Lair:5   | Killed a fire dragon
 15486 | Lair:5   | Identified the amulet "Juduythe" {Spirit Harm Slay+3}
 15784 | D:10     | Found a blossoming altar of Fedhas.
 16271 | D:10     | Killed Nergalle
 16416 | D:10     | Received a gift from Trog
 16581 | D:11     | Found a staircase to the Orcish Mines.
 17205 | Orc:1    | Entered Level 1 of the Orcish Mines
 17484 | Orc:2    | Entered Level 2 of the Orcish Mines
 17602 | Orc:2    | Found Ruecew's Antique Armour Shop.
 17659 | Orc:2    | Reached XP level 14. HP: 121/138 MP: 13/13
 17819 | Orc:1    | Paralysed by an orc sorcerer for 3 turns
 17961 | Orc:1    | Paralysed by an orc sorcerer for 2 turns
 18042 | Orc:1    | Paralysed by an orc sorcerer for 2 turns
 18065 | Orc:2    | Noticed an orc warlord
 18096 | Orc:2    | Killed an orc warlord
 18097 | Orc:2    | Reached skill level 5 in Ranged Weapons
 18169 | Orc:2    | Found Getipp's Antique Weapon Boutique.
 18222 | Orc:2    | Found Oza Izxe's Jewellery Emporium.
 18223 | Orc:2    | Found a staircase to the Elven Halls.
 18278 | Orc:2    | Found Xiulozey's General Store.
 18707 | D:12     | Reached skill level 17 in Fighting
 18724 | D:12     | Identified the +8 dagger of Beosm {vorpal, Will+ Dex+7}
                  | (Trog gifted it to you on level 12 of the Dungeon)
 18724 | D:12     | Received a gift from Trog
 18773 | D:12     | Reached skill level 1 in Throwing
 18996 | D:12     | Found a glowing golden altar of the Shining One.
 20200 | D:13     | Found a gate to the Vaults.
 20255 | D:13     | Reached skill level 10 in Axes
 20955 | D:14     | Found a white marble altar of Elyvilon.
 20974 | D:14     | Received a gift from Trog
 21437 | D:15     | Entered Level 15 of the Dungeon
 21572 | D:14     | Reached XP level 15. HP: 101/148 MP: 11/14
 22085 | D:15     | Found a staircase to the Depths.
 22101 | D:15     | Found Jecoacoe's Magic Scroll Boutique.
 22218 | D:15     | Reached skill level 18 in Fighting
 23267 | Orc:2    | Bought a ring of poison resistance for 280 gold pieces
 23463 | Snake:1  | Entered Level 1 of the Snake Pit
 23463 | Snake:1  | Identified Roxanne's Grimoire of the Rocks
 23463 | Snake:1  | Noticed Roxanne
 23467 | Snake:1  | Found a flickering gateway to a bazaar.
 23487 | Snake:1  | Killed Roxanne
 23488 | Snake:1  | Reached skill level 1 in Polearms
 23494 | Bazaar   | Entered a bazaar
 23494 | Bazaar   | Found Xankap Wuyg's Magic Scroll Shoppe.
 23494 | Bazaar   | Found Ziuzeobla's Weapon Shop.
 23494 | Bazaar   | Found Omovvum's General Store.
 23496 | Bazaar   | Found Humeosuh's General Store.
 23573 | Bazaar   | Bought a potion of curing for 30 gold pieces
 23573 | Bazaar   | Bought a wand of flame (5) for 35 gold pieces
 23576 | Bazaar   | Bought a scroll of enchant weapon for 82 gold pieces
 23576 | Bazaar   | Bought a scroll of silence for 104 gold pieces
 23576 | Bazaar   | Bought a scroll of blinking for 82 gold pieces
 23582 | Bazaar   | Bought a wand of mindburst (6) for 84 gold pieces
 23582 | Bazaar   | Bought a scroll of immolation for 40 gold pieces
 23689 | Snake:1  | Found Vihuympophy's Antique Weapon Shop.
 23809 | Snake:1  | Received a gift from Trog
 24104 | Snake:1  | Found Ibaffif's Antique Weapon Boutique.
 24199 | Snake:1  | Reached skill level 19 in Fighting
 24557 | Snake:1  | Identified the +1 robe of the Hurting Gods {rCorr Int-3
                  | Dex+2 Archmagi}
 24945 | Snake:2  | Noticed a nagaraja
 24971 | Snake:2  | Killed a nagaraja
 25875 | Snake:2  | Reached XP level 16. HP: 155/161 MP: 15/15
 25935 | Snake:2  | Found Vizohet's Antique Weapon Shoppe.
 26124 | Snake:2  | Reached skill level 5 in Throwing
 26213 | Snake:2  | HP: 4/161 [salamander (15)]
 26213 | Snake:2  | Slain by a naga warrior

Illustrated notes

Levels and vault maps discovered:
D:1:      dpeg_arrival_pits, layout_loops_corners, roderic_lattice_a
D:2:      layout_loops_corners, shapermc_ecumenical_altar_pompeii
D:3:      layout_rooms, nicolae_overflow_ecumenical_swirl,
          gammafunk_ghost_smash, serial_shops, nicolae_shop_statue_plus
D:4:      layout_loops_ring
D:5:      layout_basic, minmay_temple_entry_slanted
D:6:      layout_basic, old_standard_altar, serial_bayou, serial_bayou_lake_a,
          serial_bayou_shore_b, serial_bayou_crossing, serial_bayou_shore_b,
          serial_bayou_ford_a, serial_bayou_pond_c,
          ebering_ghost_reflecting_pool
D:7:      layout_loops_ring, mainiacjoe_overflow_six_doors_small,
          okawaru_humans, serial_shops, nicolae_diamond_shop, enter_bailey_3
D:8:      layout_loops_ring, hangedman_abyss_or_decor_stagger,
          dk_noncrumbling_3, uniq_maurice, uniq_joseph, uniq_maggie
D:9:      layout_basic, lemuel_doored_altar, kennysheep_slug_shrine,
          gammafunk_temple_overflow_arena, nicolae_ru_awakened_eye,
          erik_lair_island, kennysheep_another_room, serial_park_tiny_2,
          uniq_grum, uniq_prince_ribbit1
D:10:     layout_roguey, nicolae_overflow_crystal_walls,
          introduction_to_nature_2, uniq_nergalle
D:11:     layout_irregular_city, minmay_orc_entry_guard_dogs
D:12:     layout_roguey, nicolae_tso_carved_into_rock
D:13:     layout_irregular_city, erik_vaults_1, dreamdust_deal_with_the_devil,
          billiards_dpeg
D:14:     layout_cave_pods, elyvilon_altar_5
D:15:     hangedman_depths_entry_civil_slaughter, layout_basic, serial_undead,
          serial_undead_f, serial_undead_b, serial_undead_c, serial_undead_d,
          serial_shops, shop, eino_curves_03, minmay_hedge_maze,
          grunt_ministairs_9
Lair:1:   layout_cave_pods
Lair:2:   layout_cave_pods, shoals_dummy_entry, grunt_megastairs_3,
          lemuel_fruit_fields, uniq_gastronok
Lair:3:   layout_roguey, minmay_snake_entry_guardpost_small
Lair:4:   layout_gridlike, dpeg_slime_entry_enclosed, minivault_25,
          roderic_carrion_pond
Lair:5:   cheibrodos_lair_end_hotspot, layout_layer_cave, serial_forest,
          infiniplex_forest_corner_1, infiniplex_forest_lined_2,
          infiniplex_forest_clump_curved, infiniplex_forest_straight_4,
          infiniplex_forest_end_1, infiniplex_forest_lined_ring,
          infiniplex_forest_lined_3, infiniplex_forest_straight_4,
          chequers_serial_rivers_small_b
Snake:1:  layout_basic, serial_shops, bzr_in_the_mist, nicolae_square_shop,
          nicolae_shop_competitors_out_of_business, uniq_roxanne
Snake:2:  layout_misc_corridors, serial_shops, nicolae_shop_statue_plus,
          lemuel_oklob_altar
Snake:3:  layout_layer_cave, st_stairs_4
Orc:1:    layout_diamond_mine
Orc:2:    grunt_orc_gardens, layout_caves, grunt_orc_garden, grunt_orc_garden,
          grunt_orc_garden, grunt_orc_garden

Skill      XL: |  1  2  3  4  5  6  7  8  9 10 11 12 13 14 15 16 |
---------------+-------------------------------------------------+-----
Axes           | 4 5 7 10 11 | 11.0
Fighting       | 4 5 7 9 11 12 14 15 16 17 19 | 19.6
Armour         | 3 4 5 7 10 12 14 15 16 17 | 17.1
Ranged Weapons | 1 2 3 4 6 8 |  8.2
Dodging        | 3 4 6 8 9 10 11 12 13 | 13.8
Stealth        | 1 2 3 |  3.4
Shields        | 1 |  1.0
Evocations     | 1 4 5 7 |  7.3
Throwing       | 3 4 5 |  5.1
Polearms       | 3 |  3.5

Action                   |  1- 3 |  4- 6 |  7- 9 | 10-12 | 13-15 | 16-18 || total
-------------------------+-------+-------+-------+-------+-------+-------++-------
Melee: Hand axe          |    74 |       |       |       |       |       ||    74
       Headbutt          |    14 |     9 |    20 |   127 |   259 |    10 ||   439
       War axe           |     2 |    77 |    94 |       |       |       ||   173
       Broad axe         |       |       |    62 |       |       |       ||    62
       Punch             |       |       |     2 |       |       |       ||     2
       Halberd           |       |       |    33 |   520 |   496 |       ||  1049
       Glaive            |       |       |     2 |    51 |    22 |       ||    75
       Battleaxe         |       |       |       |       |   622 |    39 ||   661
 Fire: Sling             |    12 |    39 |    90 |       |       |       ||   141
       Arbalest          |       |       |     4 |    62 |   188 |     5 ||   259
Throw: Boomerang         |       |       |     2 |       |       |       ||     2
Invok: Berserk           |       |     2 |     3 |     2 |     6 |       ||    13
       Trog's Hand       |       |       |     1 |       |     2 |     1 ||     4
       Brothers in Arms  |       |       |       |       |     1 |     1 ||     2
Evoke: Wand              |       |       |       |    14 |     6 |       ||    20
       Phial of floods   |       |       |       |       |     1 |       ||     1
  Use: Potion            |       |       |     2 |     1 |     5 |     4 ||    12
       Scroll            |       |       |     9 |    12 |    14 |     8 ||    43
 Stab: Distracted        |       |       |     1 |       |     2 |       ||     3
       Sleeping          |       |       |     1 |       |       |       ||     1
Armor: Animal skin       |     7 |       |       |       |       |       ||     7
       Chain mail        |    25 |       |    23 |    31 |       |       ||    79
       Leather armour    |     1 |    23 |    18 |       |       |       ||    42
       Plate armour      |       |       |       |   245 |   656 |    23 ||   924
Dodge: Dodged            |    38 |    50 |   151 |   522 |  1041 |    51 ||  1853
Block: Other             |       |       |    22 |   167 |   327 |    20 ||   536
       Reflection        |       |       |     2 |     3 |    44 |     3 ||    52
